cohdb
Replays
Latest Replays
All Replays
Popular Replays
Top Player Replays
Match Explorer
How It Works
Community
CoH3 Stats
Reddit
Sign in to upload your games and track your stats! →
Sign in with Steam
Match 44877671
Unlisted
Match 44877671
Overview
Messages
Build Orders
End
Construct Barracks
Riflemen Squad
Riflemen Squad
Riflemen Squad
Air Support Center
Selects Armored Battlegroup
Selects Assault Engineers
Assault Engineer Squad
P-47 Dive Bomb
Grenade Package
Selects Fast Deploy
P-47 Strafing Run
Construct Tank Depot
P-47 Dive Bomb
Assault Engineer Squad
Grasshopper Recon Run
Selects M8 Scott SPG
Selects UNKNOWN (2160077)
M4A3E8 Sherman Easy Eight
P-47 Dive Bomb
P-47 Strafing Run
Grasshopper Recon Run
M4A3E8 Sherman Easy Eight
P-47 Strafing Run
P-47 Strafing Run
Selects Field Repairs
Selects War Machine
Riflemen Squad
Grasshopper Recon Run
M4A3E8 Sherman Easy Eight
P-47 Strafing Run
Grasshopper Recon Run
P-47 Dive Bomb
Riflemen Squad
M4A3E8 Sherman Easy Eight
Grasshopper Recon Run
Assault Engineer Squad
P-47 Dive Bomb
Grasshopper Recon Run
M1918 Browning Automatic Rifles
M18 Hellcat Tank Destroyer
P-47 Strafing Run
Riflemen Squad
Assault Engineer Squad
P-47 Dive Bomb
M18 Hellcat Tank Destroyer
P-47 Dive Bomb
P-47 Strafing Run
Riflemen Squad
Grasshopper Recon Run
P-47 Strafing Run
M4A3E8 Sherman Easy Eight
sebeck
Clock Sucker
MiLfschnitte
Gatom
Lil Pijon
Ashkan_Hunter
0
0
Comments
sign in to comment!
No comments posted yet!